 Dungeon Crawl Stone Soup version 0.25.1-11-g244df3a29b (webtiles) character file.

Game seed: 196064940798531368

284 DeepDeath the Cudgeler (level 6, -19/37 HPs)
             Began as a Gargoyle Abyssal Knight on Jan 9, 2024.
             Was a Priest of Lugonu.
             Demolished by an ogre
             ... wielding a +0 giant club
              (25 damage)
             ... on level 4 of the Dungeon.
             The game lasted 00:09:06 (3041 turns).

DeepDeath the Cudgeler (Gargoyle Abyssal Knight)    Turns: 3041, Time: 00:09:07

Health: -19/37     AC:  9    Str: 18    XL:     6   Next: 29%
Magic:  0/0        EV: 11    Int: 12    God:    Lugonu [***...]
Gold:   138        SH:  0    Dex: 12    Spells: 5/5 levels left

rFire    + . .     SeeInvis .   a - +1 mace
rCold    . . .     Gourm    .   (no shield)
rNeg     + + +     Faith    +   w - +1 leather armour {rF+}
rPois    ∞         Spirit   .   i - +0 helmet "Camuk" {rPois rN++ MP-9 Dex+3} (curse)
rElec    +         Reflect  .   (no cloak)
rCorr    .         Harm     .   (no gloves)
MR       +....                  (no boots)
Stlth    +.........             k - amulet of faith
HPRegen  0.12/turn              A - ring of protection from magic
MPRegen  0.07/turn              (no ring)

@: no status effects
A: negative energy resistance 1, electricity resistance, unbreathing,
petrification resistance, rot immunity, AC +4
a: Depart the Abyss, Bend Space, Banish, Renounce Religion


You were on level 4 of the Dungeon.
You worshipped Lugonu.
Lugonu was most pleased with you.
You were not hungry.

You visited 1 branch of the dungeon, and saw 4 of its levels.
You visited the Abyss 1 time.

You collected 138 gold pieces.

Inventory:

Hand Weapons
 a - a +1 mace (weapon)
 y - a +0 morningstar
Missiles
 d - 24 bolts
 e - 105 stones
 f - 15 poisoned darts (quivered)
 o - 37 arrows
 p - 3 boomerangs
Armour
 i - the cursed +0 helmet "Camuk" (worn) {rPois rN++ MP-9 Dex+3}
   (You took it off Robin on level 2 of the Dungeon)

   It affects your dexterity (+3).
   It protects you from poison.
   It greatly protects you from negative energy.
   It affects your magic capacity (-9).
   It has a curse placed upon it.
 w - a +1 leather armour of fire resistance (worn)
Jewellery
 k - an amulet of faith (around neck)
 s - an uncursed amulet of reflection
 x - an uncursed ring of ice
 A - a ring of protection from magic (left hand)
Wands
 b - a wand of iceblast (9)
Scrolls
 g - 3 scrolls of identify
 j - a scroll of fog
 n - a scroll of remove curse
 z - a scroll of teleportation
Potions
 l - a potion of curing
 m - a potion of cancellation
Comestibles
 c - 10 rations
 q - 6 chunks of flesh


   Skills:
 - Level 3.2 Fighting
 + Level 6.3 Maces & Flails
 - Level 1.0 Throwing
 - Level 2.1 Armour
 - Level 0.7 Dodging
 - Level 2.0 Invocations


You had 5 spell levels left.
You didn't know any spells.
Your spell library was empty.

Dungeon Overview and Level Annotations

Branches:
Dungeon (4/15)             Temple (0/1) D:4

Altars:
Ashenzari
Fedhas
Hepliaklqana
Kikubaaqudgha
Okawaru
Xom


Innate Abilities, Weirdness & Mutations

You are resistant to torment.
Your stone body is resilient. (AC +4)
You are immune to poison.
You resist negative energy. (rN+)
You are resistant to electric shocks. (rElec)
You can survive without breathing.
You are immune to petrification.
You are immune to rotting.


Message History

Your leather armour prevents you from hitting the ogre.
The ogre is severely wounded.
The ogre closely misses you.
You hit the ogre but do no damage.
The ogre is severely wounded.
The ogre hits you with a +0 giant club!
* * * LOW HITPOINT WARNING * * *
You are too injured to fight recklessly!
You are too injured to fight recklessly!
You are too injured to fight recklessly!
You are too injured to fight recklessly!
You hit the ogre.
The ogre is almost dead.
The ogre hits you with a +0 giant club.
* * * LOW HITPOINT WARNING * * *
You hit the ogre.
The ogre is almost dead.
The ogre hits you with a +0 giant club!!
Ouch! That really hurt!
You die...

#.# #.# #.#
#.# #.# ##
#.# .. #.#
..###.####.#
......O@.?.#
..###.######
.. ##


You could see an ogre.

Vanquished Creatures
  A scorpion (D:4)
  An orc wizard (D:4)
  Terence (D:2)
  An iguana (D:4)
  Robin (D:2)
  A gnoll (D:1)
  5 adders
  An ooze (D:1)
  A dart slug (D:1)
  2 leopard geckos
  5 orcs
  6 bats
  2 giant cockroaches
  11 goblins
  12 hobgoblins
  9 jackals
  3 quokkas
  A ball python (D:1)
  A frilled lizard (D:1)
  7 kobolds
  8 rats
80 creatures vanquished.

Notes
Turn   | Place    | Note
-------+----------+-------------------------------------------
     0 | Abyss:1  | DeepDeath the Gargoyle Abyssal Knight began the quest for
                  | the Orb.
     0 | Abyss:1  | Reached XP level 1. HP: 14/14 MP: 2/2
   153 | Abyss:1  | Noticed a profane servitor
   227 | Abyss:1  | Noticed a worldbinder
   232 | Abyss:1  | Noticed a blink frog
   232 | Abyss:1  | Noticed a spiny frog
   232 | Abyss:1  | Noticed a chaos spawn
   233 | Abyss:1  | Noticed a dream sheep
   233 | D:1      | Escaped the Abyss
   412 | D:1      | Reached * piety under Lugonu
   412 | D:1      | Reached XP level 2. HP: 17/19 MP: 3/3
   500 | D:1      | Reached skill level 3 in Maces & Flails
   817 | D:1      | Reached XP level 3. HP: 23/23 MP: 4/4
  1399 | D:2      | Identified the cursed +0 helmet "Camuk" {rPois rN++ MP-9
                  | Dex+3}
  1399 | D:2      | Noticed Robin
  1432 | D:2      | Killed Robin
  1432 | D:2      | Reached skill level 4 in Maces & Flails
  1432 | D:2      | Reached XP level 4. HP: 14/28 MP: 5/5
  1441 | D:2      | Reached skill level 1 in Throwing
  1584 | D:2      | Noticed Terence
  1610 | D:2      | Killed Terence
  1728 | D:2      | Reached ** piety under Lugonu
  1845 | D:2      | Found a blossoming altar of Fedhas.
  1848 | D:2      | Found a hazy altar of Hepliaklqana.
  1848 | D:2      | Found a shattered altar of Ashenzari.
  1862 | D:2      | Found an ancient bone altar of Kikubaaqudgha.
  1865 | D:2      | Reached XP level 5. HP: 26/32 MP: 6/6
  1873 | D:2      | Found an iron altar of Okawaru.
  1995 | D:2      | Found a shimmering altar of Xom.
  2437 | D:3      | Reached skill level 5 in Maces & Flails
  2757 | D:4      | Found a staircase to the Ecumenical Temple.
  2916 | D:4      | Reached skill level 6 in Maces & Flails
  2916 | D:4      | Reached XP level 6. HP: 32/37 MP: 0/7
  2976 | D:4      | Reached *** piety under Lugonu
  3041 | D:4      | Demolished by an ogre

Illustrated notes

Levels and vault maps discovered:
D:1:      psy_arrival_dodecagon, layout_loops_ring
D:2:      layout_loops_ring, lemuel_round_altar,
          minmay_overflow_temple_star_hex, uniq_robin, uniq_terence
D:3:      layout_rooms
D:4:      layout_loops_ring, tgw_trog, minmay_temple_entry_overgrown,
          nicolae_qazlal_eye_of_the_storm

Skill      XL: |  1  2  3  4  5 |
---------------+----------------+-----
Maces & Flails | 3 4 6 |  6.3
Throwing       | 1 |  1.0
Fighting       | |  3.2
Armour         | |  2.1
Dodging        | |  0.7
Invocations    | |  2.0

Action                   |  1- 3 |  4- 6 || total
-------------------------+-------+-------++-------
Melee: Mace              |    91 |   190 ||   281
Throw: Dart              |     3 |     4 ||     7
Invok: Depart the Abyss  |     1 |       ||     1
  Use: Scroll            |     7 |     5 ||    12
       Potion            |     2 |     1 ||     3
 Stab: Invisible         |     1 |       ||     1
       Sleeping          |       |     1 ||     1
  Eat: Chunk             |     2 |     5 ||     7
Armor: Leather armour    |    38 |    89 ||   127
Dodge: Dodged            |    69 |   130 ||   199
